[Event "FIDE World Rapid Chess Championship 2021"]
[White "Sargsyan, Shant"]
[Black "Volokitin, Andrei"]
[WhiteFideId "13306766"]
[BlackFideId "14107090"]
[WhiteElo "2344"]
[BlackElo "2631"]
[Result "1/2-1/2"]
[Round "13"]
[TimeControl "900+10"]
[Date "2021.12.28"]
[WhiteClock "0:09:12"]
[BlackClock "0:06:25"]

1. d4 Nf6 2. c4 e6 3. Nf3 d5 4. Nc3 Bb4 5. cxd5 exd5 6. Bg5 h6 7. Bh4 O-O 8. e3 Bf5 9. Be2 Nbd7 10. Qb3 c5 11. dxc5 a5 12. O-O Nxc5 13. Qd1 Bxc3 14. bxc3 Nce4 15. Rc1 Rc8 16. Nd4 Bd7 17. c4 g5 18. Bg3 dxc4 19. Bxc4 Qe7 20. Qd3 Rc5 21. Nb3 Rf5 22. Nd4 Rc5 23. Nb3 Rf5 24. Nd4 1/2-1/2


[Site "http://www.Chess.com"]

[Event "FIDE World Rapid Chess Championship 2021"]
[White "Artemiev, Vladislav"]
[Black "Vakhidov, Jakhongir"]
[WhiteFideId "24101605"]
[BlackFideId "14201801"]
[WhiteElo "2714"]
[BlackElo "2566"]
[Result "1-0"]
[Round "13"]
[TimeControl "900+10"]
[Date "2021.12.28"]
[WhiteClock "0:00:58"]
[BlackClock "0:00:49"]

1. Nf3 g6 2. d4 Nf6 3. g3 Bg7 4. Bg2 O-O 5. O-O d6 6. Nc3 d5 7. Re1 Bf5 8. Nh4 Bg4 9. Bg5 Be6 10. e4 dxe4 11. Nxe4 Nxe4 12. Bxe4 c6 13. c3 Nd7 14. d5 cxd5 15. Bxd5 h6 16. Bxe6 hxg5 17. Nxg6 fxe6 18. Nxf8 Nxf8 19. Qxd8 Rxd8 20. Rad1 Rc8 21. Re4 Bf6 22. Ra4 a6 23. Rb4 Rb8 24. c4 e5 25. Rb6 Kf7 26. c5 Rc8 27. Rc1 Rc7 28. c6 bxc6 29. Rxa6 c5 30. b4 Ne6 31. bxc5 e4 32. c6 Nd4 33. Kg2 Ke6 34. Rb6 Kd5 35. Rb7 Rxc6 36. Rxc6 Kxc6 37. Rb8 Be5 38. Rc8+ Kb5 39. Rc1 Ne2 40. Rb1+ Ka4 41. Rb7 Bf6 42. Rc7 Nc3 43. h4 gxh4 44. gxh4 Kb5 45. Rc8 Nd5 46. Kg3 e3 47. fxe3 Nxe3 48. h5 Bg5 49. Kf3 e5 50. Rf8 Kc4 51. Ke4 Nd1 52. Rc8+ Kb4 53. Kxe5 Nc3 54. Rb8+ Ka4 55. Ra8+ Kb4 56. Kd4 Bf6+ 57. Kd3 Na4 58. h6 Nc5+ 59. Kc2 Ne6 60. h7 Nd4+ 61. Kb1 Nb5 62. Rb8 Ka4 63. h8=Q Na3+ 64. Kc1 Bxh8 65. Rxh8 Kb4 66. Rb8+ Ka4 67. Kb2 Nc4+ 68. Kc3 Nd6 69. Ra8+ Kb5 70. a4+ Kb6 71. Kb4 Kb7 72. Rh8 Nc8 73. Kc5 Na7 74. Rh7+ Kb8 75. a5 Nc8 76. Rg7 Ka8 77. Kc6 Kb8 78. Rg8 1-0


[Site "http://www.Chess.com"]

[Event "FIDE World Rapid Chess Championship 2021"]
[White "Shirov, Alexei"]
[Black "Bluebaum, Matthias"]
[WhiteFideId "2209390"]
[BlackFideId "24651516"]
[WhiteElo "2702"]
[BlackElo "2575"]
[Result "0-1"]
[Round "13"]
[TimeControl "900+10"]
[Date "2021.12.28"]
[WhiteClock "0:00:35"]
[BlackClock "0:01:17"]

1. e4 c6 2. d4 d5 3. e5 Bf5 4. Nf3 e6 5. Be2 c5 6. Be3 Qb6 7. Nc3 Nc6 8. O-O Qxb2 9. Qe1 cxd4 10. Bxd4 Nxd4 11. Nxd4 Bb4 12. Rb1 Bxc3 13. Rxb2 Bxe1 14. Rxe1 b6 15. h4 h5 16. Nxf5 exf5 17. c4 Ne7 18. Rd2 O-O-O 19. cxd5 Rxd5 20. Rxd5 Nxd5 21. Bc4 Rd8 22. Rc1 Kb7 23. Rd1 Kc6 24. a4 Kc5 25. Bb3 f4 26. Kf1 Rd7 27. Ke1 a5 28. Ba2 g6 29. Rd2 b5 30. axb5 Nb6 31. Re2 Kxb5 32. e6 fxe6 33. Rxe6 Na4 34. Rxg6 Nc3 35. Bb3 a4 36. Bxa4+ Kxa4 37. f3 Rd1+ 38. Kf2 Rd2+ 39. Ke1 Rd1+ 40. Kf2 Kb3 41. Rg5 Rd2+ 42. Ke1 Rd5 43. g4 Rxg5 44. hxg5 hxg4 45. fxg4 Nd5 46. Kf2 Ne7 0-1


[Site "http://www.Chess.com"]

[Event "FIDE World Rapid Chess Championship 2021"]
[White "Socko, Bartosz"]
[Black "Sargissian, Gabriel"]
[WhiteFideId "1107038"]
[BlackFideId "13300881"]
[WhiteElo "2562"]
[BlackElo "2693"]
[Result "0-1"]
[Round "13"]
[TimeControl "900+10"]
[Date "2021.12.28"]
[WhiteClock "0:00:01"]
[BlackClock "0:02:02"]

1. d4 Nf6 2. c4 e6 3. Nf3 d5 4. g3 Bb4+ 5. Nbd2 O-O 6. Bg2 b6 7. O-O Bb7 8. Ne5 Re8 9. Ndf3 Bf8 10. Ng5 Re7 11. Bh3 Qe8 12. b3 h6 13. Ngf3 c5 14. Bb2 Rc7 15. Rc1 Na6 16. Qd2 Rd8 17. Rfd1 dxc4 18. Rxc4 Nb4 19. a3 Nc6 20. Qe1 Na5 21. Ra4 Bxf3 22. exf3 Nxb3 23. Rc4 b5 24. Rc2 c4 25. Re2 Nd5 26. Nxf7 Rxf7 27. Bxe6 Qc6 28. Re5 Rd6 29. Qe4 Rxe6 30. Rxe6 Qb7 31. Re5 Nf6 32. Qe3 Bd6 33. Re6 Qd5 34. Re1 a5 35. Re5 Bxe5 36. dxe5 Ne8 37. f4 b4 38. axb4 axb4 39. e6 Re7 40. Qb6 Qd6 41. Qb5 Qc5 42. Qa4 Nd2 43. Qa8 c3 44. Bc1 Qd6 45. f5 Qd3 46. Kg2 Qxf5 47. Qc8 Kh7 48. Qc6 Nf6 49. Re3 Qd5+ 50. Qxd5 Nxd5 51. Rd3 Nb3 52. Bxh6 Kxh6 0-1


[Site "http://www.Chess.com"]

[Event "FIDE World Rapid Chess Championship 2021"]
[White "Saric, Ivan"]
[Black "Ghaem Maghami, Ehsan"]
[WhiteFideId "14508150"]
[BlackFideId "12500739"]
[WhiteElo "2684"]
[BlackElo "2553"]
[Result "1/2-1/2"]
[Round "13"]
[TimeControl "900+10"]
[Date "2021.12.28"]
[WhiteClock "0:00:33"]
[BlackClock "0:00:42"]

1. e4 c6 2. d4 d5 3. e5 Bf5 4. Nf3 e6 5. Be2 Nd7 6. O-O Rc8 7. Nbd2 h6 8. Nb3 Ne7 9. a4 Bh7 10. a5 a6 11. Re1 Nf5 12. Bd3 c5 13. dxc5 Nxc5 14. Nxc5 Bxc5 15. c3 O-O 16. Ra4 Bg6 17. h4 Ne7 18. Nh2 Bxd3 19. Qxd3 Nf5 20. h5 Qe8 21. Rf4 Qb5 22. Qh3 d4 23. g4 Ne7 24. g5 hxg5 25. Rg4 dxc3 26. bxc3 Nf5 27. Rxg5 Be7 28. Rg2 Qxa5 29. Bd2 Rfd8 30. Nf3 Rd3 31. Qg4 Qd5 32. Nd4 Bf8 33. Nxf5 exf5 34. Qxf5 Qd7 35. Qxd7 Rxd7 36. f4 Bc5+ 37. Kf1 Rcd8 38. Ree2 Rd3 39. Ke1 Rh3 40. Rh2 Rf3 41. h6 g6 42. e6 Kh7 43. exf7 Rf8 44. Re6 Rg3 45. Rf6 a5 46. Kd1 a4 47. Re2 a3 48. Kc2 Rg1 49. Be1 Kxh6 50. f5 Kg7 51. Rxg6+ Rxg6 52. fxg6 Kxg6 53. Bf2 Bxf2 54. Rxf2 Rxf7 55. Rxf7 1/2-1/2


[Site "http://www.Chess.com"]

[Event "FIDE World Rapid Chess Championship 2021"]
[White "Jobava, Baadur"]
[Black "Tari, Aryan"]
[WhiteFideId "13601520"]
[BlackFideId "1510045"]
[WhiteElo "2679"]
[BlackElo "2542"]
[Result "1/2-1/2"]
[Round "13"]
[TimeControl "900+10"]
[Date "2021.12.28"]
[WhiteClock "0:02:05"]
[BlackClock "0:03:01"]

1. e4 e5 2. Nf3 Nc6 3. Bc4 Nf6 4. d3 Bc5 5. c3 d6 6. b4 Bb6 7. O-O O-O 8. Nbd2 Ne7 9. Bb3 c6 10. Nc4 Bc7 11. Bg5 Ng6 12. Ne3 h6 13. Bxf6 Qxf6 14. a4 Kh8 15. Re1 Be6 16. d4 Bxb3 17. Qxb3 Nf4 18. Rad1 exd4 19. cxd4 Rae8 20. g3 Nh3+ 21. Kg2 Rxe4 22. Qc2 Rfe8 23. Ng4 Qg6 24. Nfe5 Nf4+ 25. gxf4 R8xe5 26. dxe5 Qxg4+ 27. Kf1 Qh3+ 28. Kg1 Qg4+ 1/2-1/2


[Site "http://www.Chess.com"]

[Event "FIDE World Rapid Chess Championship 2021"]
[White "Donchenko, Alexander"]
[Black "Svane, Rasmus"]
[WhiteFideId "24603295"]
[BlackFideId "4657101"]
[WhiteElo "2535"]
[BlackElo "2677"]
[Result "0-1"]
[Round "13"]
[TimeControl "900+10"]
[Date "2021.12.28"]
[WhiteClock "0:00:42"]
[BlackClock "0:04:05"]

1. d4 Nf6 2. c4 e6 3. Nc3 Bb4 4. f3 c5 5. d5 b5 6. e4 d6 7. Ne2 a6 8. Bf4 exd5 9. cxd5 O-O 10. Ng3 c4 11. Be2 Bc5 12. Qd2 Nbd7 13. Nf5 Ne5 14. g4 Bxf5 15. gxf5 Qa5 16. Kf1 Rfc8 17. Bg5 b4 18. Bxf6 gxf6 19. Nd1 c3 20. bxc3 bxc3 21. Qh6 c2 22. h4 cxd1=Q+ 23. Rxd1 Nd7 24. f4 Kh8 25. e5 Qc3 26. Bh5 Qe3 27. Kg2 Rg8+ 28. Bg6 fxg6 0-1


[Site "http://www.Chess.com"]

[Event "FIDE World Rapid Chess Championship 2021"]
[White "Paravyan, David"]
[Black "Czarnota, Pawel"]
[WhiteFideId "4194985"]
[BlackFideId "1121219"]
[WhiteElo "2671"]
[BlackElo "2511"]
[Result "1/2-1/2"]
[Round "13"]
[TimeControl "900+10"]
[Date "2021.12.28"]
[WhiteClock "0:00:23"]
[BlackClock "0:00:11"]

1. e4 c5 2. Nf3 d6 3. d4 cxd4 4. Nxd4 Nf6 5. Nc3 Nc6 6. Bg5 e6 7. Qd2 a6 8. O-O-O Bd7 9. Nxc6 Bxc6 10. Bd3 Be7 11. Kb1 b5 12. f3 Qc7 13. Ne2 Rb8 14. Nd4 Bd7 15. c3 a5 16. Rc1 e5 17. Nc2 O-O 18. h4 Be6 19. Ne3 Rfd8 20. Qe2 Qc5 21. Rhd1 h6 22. Bxf6 Bxf6 23. g3 d5 24. exd5 Bxd5 25. Bh7+ Kf8 26. Nxd5 Rxd5 27. Rxd5 Qxd5 28. Rd1 Qc5 29. Be4 Rd8 30. a3 g6 31. Rxd8+ Bxd8 32. Qd2 Ke7 33. Qxh6 Qg1+ 34. Ka2 Qxg3 35. Qe3 Kf8 36. Qc5+ Kg7 37. Qxb5 Qf4 38. Kb3 Kh6 39. Qc5 Kh5 40. Qd5 Bxh4 41. Qxa5 f5 42. Bc6 Kh6 43. Qb4 Kg5 44. Qe7+ Kh6 45. Qf8+ Kg5 46. a4 Qe3 47. a5 Bf2 48. Qe7+ Kf4 49. Qe6 Qc5 50. Ka4 g5 51. Bd7 e4 52. fxe4 fxe4 53. Qg4+ Ke3 54. Bb5 Bh4 55. Qg1+ Bf2 56. Qc1+ Kf3 57. b4 Qe3 58. Qh1+ Kf4 59. Bc6 Qd3 60. Qg2 e3 61. Qf3+ Ke5 62. Bb7 Qc2+ 63. Kb5 Qxc3 64. Qe4+ Kf6 65. a6 Qe5+ 66. Qxe5+ Kxe5 67. a7 e2 68. a8=Q e1=Q 69. Qh8+ Kf5 70. Bc8+ Ke4 71. Qe8+ Kd4 72. Qh8+ Qe5+ 1/2-1/2


[Site "http://www.Chess.com"]

[Event "FIDE World Rapid Chess Championship 2021"]
[White "Sanal, Vahap"]
[Black "Howell, David W L"]
[WhiteFideId "6300545"]
[BlackFideId "410608"]
[WhiteElo "2509"]
[BlackElo "2624"]
[Result "0-1"]
[Round "13"]
[TimeControl "900+10"]
[Date "2021.12.28"]
[WhiteClock "0:01:05"]
[BlackClock "0:00:55"]

1. e4 e5 2. Nc3 Nf6 3. Bc4 Nc6 4. d3 Na5 5. Nge2 Be7 6. O-O O-O 7. a4 Nxc4 8. dxc4 d6 9. h3 c6 10. Qd3 Qc7 11. Bg5 h6 12. Be3 Be6 13. f4 exf4 14. Nxf4 Nd7 15. b3 Bf6 16. Nh5 Be5 17. Kh1 Nc5 18. Bxc5 dxc5 19. Rad1 Rad8 20. Qf3 Rxd1 21. Nxd1 Rd8 22. Ne3 Rd2 23. Nf4 Bxf4 24. Qxf4 Qxf4 25. Rxf4 Rd4 26. g4 g5 27. Rf3 Rxe4 28. Kg1 Kg7 29. Kf2 Kg6 30. a5 h5 31. a6 b6 32. gxh5+ Kxh5 33. Nf5 Bxf5 34. Rxf5 Kg6 35. Rf3 b5 36. Rd3 Rd4 37. Re3 bxc4 38. Re7 Rd2+ 39. Ke3 Rxc2 40. bxc4 Rxc4 41. Rc7 Rc3+ 42. Ke4 Rxh3 43. Rxc6+ f6 44. Rc7 Ra3 45. Rxa7 c4 46. Ra8 c3 47. Kd3 Kf5 48. a7 g4 49. Kc2 Kf4 50. Rf8 Rxa7 0-1


[Site "http://www.Chess.com"]

[Event "FIDE World Rapid Chess Championship 2021"]
[White "Petrosian, Tigran L."]
[Black "Narayanan.S.L, "]
[WhiteFideId "13301616"]
[BlackFideId "5058422"]
[WhiteElo "2621"]
[BlackElo "2482"]
[Result "1-0"]
[Round "13"]
[TimeControl "900+10"]
[Date "2021.12.28"]
[WhiteClock "0:00:46"]
[BlackClock "0:00:29"]

1. Nf3 Nf6 2. g3 c5 3. Bg2 Nc6 4. O-O e5 5. d3 d5 6. Bg5 Be7 7. Nfd2 Be6 8. Nc3 d4 9. Bxf6 gxf6 10. Nb5 Qd7 11. c3 a6 12. Na3 b5 13. cxd4 cxd4 14. Nc2 O-O 15. e3 Rac8 16. Qh5 Rfd8 17. exd4 exd4 18. Be4 f5 19. Bg2 Ne5 20. Ne1 Rc5 21. Ndf3 Ng6 22. Ng5 Bxg5 23. Qxg5 Rdc8 24. Nf3 f4 25. Qh6 f6 26. b4 Rc3 27. Rfe1 Bf5 28. Nh4 Nxh4 29. Qxh4 fxg3 30. hxg3 Qd6 31. Be4 Bxe4 32. Rxe4 R3c7 33. Rae1 Rf8 34. Rxd4 Qc6 35. Rg4+ Kh8 36. Qh6 Rcf7 37. Re7 Re8 38. Rg7 1-0


[Site "http://www.Chess.com"]

[Event "FIDE World Rapid Chess Championship 2021"]
[White "Ponkratov, Pavel"]
[Black "Niemann, Hans Moke"]
[WhiteFideId "4157800"]
[BlackFideId "2093596"]
[WhiteElo "2614"]
[BlackElo "2327"]
[Result "1/2-1/2"]
[Round "13"]
[TimeControl "900+10"]
[Date "2021.12.28"]
[WhiteClock "0:02:50"]
[BlackClock "0:09:25"]

1. e4 c5 2. Nf3 d6 3. d4 cxd4 4. Nxd4 Nf6 5. Nc3 Nc6 6. Bg5 e6 7. Qd2 a6 8. f4 Bd7 9. Nf3 Be7 10. Bxf6 gxf6 11. f5 Qa5 12. Bd3 Ne5 13. O-O O-O-O 14. Kh1 Kb8 15. b4 Qxb4 16. Bxa6 Qa5 17. Be2 Rc8 18. Nxe5 fxe5 19. fxe6 Bxe6 20. Rf3 Rc5 21. Qd3 Bg4 22. Nd5 Bxf3 23. Qxf3 Bg5 24. Bd3 Rf8 25. Qf5 h6 26. g3 Ka7 27. Rb1 Rb8 28. Qxf7 Qxa2 29. Qf1 Rf8 30. Qe1 Bd2 31. Qd1 Rxd5 32. Ra1 Qxa1 33. Qxa1+ Ra5 34. Qg1+ Rc5 35. Kg2 Rf6 36. Qd1 Be3 37. Qa1+ Kb8 38. Qa4 Rf2+ 39. Kh3 Rc6 40. Qb3 Bd4 41. Qg8+ Ka7 42. Qa2+ Kb6 43. Qb3+ Kc7 44. Qg8 Be3 45. Qb3 Rb6 46. Bb5 Bc5 47. Qc4 Rd2 48. Qf7+ Kb8 49. Qg8+ Ka7 50. Qa2+ 1/2-1/2


[Site "http://www.Chess.com"]

[Event "FIDE World Rapid Chess Championship 2021"]
[White "Fridman, Daniel"]
[Black "Hovhannisyan, Robert"]
[WhiteFideId "11600454"]
[BlackFideId "13302507"]
[WhiteElo "2542"]
[BlackElo "2613"]
[Result "1/2-1/2"]
[Round "13"]
[TimeControl "900+10"]
[Date "2021.12.28"]
[WhiteClock "0:00:26"]
[BlackClock "0:00:21"]

1. d4 d5 2. c4 c6 3. Nf3 Nf6 4. Qb3 e6 5. Bf4 Be7 6. e3 O-O 7. Nc3 Nbd7 8. h3 b6 9. cxd5 Nxd5 10. Nxd5 exd5 11. Bd3 Bb7 12. O-O Re8 13. Rac1 h6 14. Rfd1 Bf8 15. Re1 c5 16. Bb5 c4 17. Qa4 Re7 18. Bc6 Qc8 19. Bxb7 Qxb7 20. Bd6 Re6 21. Bxf8 Rxf8 22. Qb4 b5 23. b3 Qb6 24. bxc4 bxc4 25. Qa4 Qc6 26. Qxc6 Rxc6 27. e4 dxe4 28. Rxe4 c3 29. Re7 Rd8 30. Kf1 Rc4 31. Ke2 Kf8 32. Kd3 Rc7 33. Re2 Nc5+ 34. Kc2 Ne6 35. Rb1 g5 36. Re3 Nxd4+ 37. Nxd4 Rxd4 38. Rxc3 Rcd7 39. Kb2 Kg7 40. Rbc1 Kg6 41. R1c2 f6 42. Rb3 h5 43. a3 h4 44. Rb4 Rd1 45. f4 R1d3 46. fxg5 fxg5 47. Rc6+ Kf5 48. Rc5+ R7d5 49. Rxd5+ Rxd5 50. Kc2 Ra5 51. a4 Rd5 52. Rg4 Re5 53. g3 hxg3 54. Rxg3 Re4 55. Kb3 Kg6 56. Rc3 Re7 57. Kb4 Re5 58. a5 Re7 59. Kb5 Kh5 60. Rc8 Rh7 61. Ka6 Kh4 62. Rg8 Rh5 63. Kxa7 Kxh3 64. a6 g4 65. Kb6 Rh6+ 66. Kb5 Rxa6 67. Kxa6 g3 68. Kb5 g2 69. Kc4 Kh2 70. Kd3 g1=Q 71. Rxg1 Kxg1 72. Ke4 1/2-1/2


[Site "http://www.Chess.com"]

[Event "FIDE World Rapid Chess Championship 2021"]
[White "Harsha, Bharathakoti"]
[Black "Chigaev, Maksim"]
[WhiteFideId "5078776"]
[BlackFideId "4108116"]
[WhiteElo "2484"]
[BlackElo "2605"]
[Result "0-1"]
[Round "13"]
[TimeControl "900+10"]
[Date "2021.12.28"]
[WhiteClock "0:02:08"]
[BlackClock "0:06:06"]

1. d4 Nf6 2. Nf3 g6 3. g3 Bg7 4. Bg2 O-O 5. O-O d6 6. b3 e5 7. dxe5 dxe5 8. Ba3 e4 9. Nd4 e3 10. f3 Re8 11. c3 Nd5 12. Bb2 Nc6 13. Nxc6 bxc6 14. Qc1 Qf6 15. Na3 h5 16. Rb1 Bf5 17. c4 Nc3 18. Bxc3 Qxc3 19. Qxc3 Bxc3 20. Rbd1 Bb2 21. Nb1 Rad8 22. f4 c5 23. Bc6 Rxd1 24. Rxd1 Re6 25. Bf3 Ra6 26. a3 Rd6 27. Re1 a5 28. Kg2 Rb6 29. h3 Rxb3 30. g4 hxg4 31. hxg4 Bc2 0-1


[Site "http://www.Chess.com"]

[Event "FIDE World Rapid Chess Championship 2021"]
[White "Gareyev, Timur"]
[Black "Martirosyan, Haik M."]
[WhiteFideId "14200937"]
[BlackFideId "13306553"]
[WhiteElo "2578"]
[BlackElo "2377"]
[Result "0-1"]
[Round "13"]
[TimeControl "900+10"]
[Date "2021.12.28"]
[WhiteClock "0:00:55"]
[BlackClock "0:02:27"]

1. d4 Nf6 2. c4 e6 3. Nc3 Bb4 4. Qc2 O-O 5. a3 Bxc3+ 6. Qxc3 b6 7. Bg5 Bb7 8. e3 d6 9. Nf3 h6 10. Bh4 g5 11. Bg3 Ne4 12. Qc2 Nd7 13. Nd2 Nxg3 14. hxg3 Kg7 15. O-O-O f5 16. Kb1 Nf6 17. f3 Qe7 18. Bd3 c5 19. Rhe1 Rae8 20. Qc3 Kg8 21. dxc5 bxc5 22. e4 fxe4 23. Nxe4 Bxe4 24. Bxe4 e5 25. Bc2 Rd8 26. g4 Kg7 27. Rd2 Rh8 28. g3 h5 29. Qe3 Kf7 30. Qxg5 Rdg8 31. Qf5 hxg4 32. fxg4 Qe6 33. Qf1 Kg7 34. Bf5 Qe7 35. Qd3 Rd8 36. Rf1 Nh7 37. Bxh7 Rxh7 38. Rf5 Rh6 39. Rdf2 Rg6 40. Qf3 Qe6 41. Rf8 Rd7 42. Rh2 Rh6 43. Rxh6 Qxh6 44. Rf5 Qg6 45. Ka2 a5 46. Qe3 Qe6 47. Qg5+ Kh7 48. Qh5+ Kg8 49. b3 a4 50. Qg5+ Rg7 51. Qd8+ Kh7 52. Qh4+ Kg8 53. Qd8+ Kh7 54. Rh5+ Kg6 55. Rf5 e4 56. Rg5+ Kh7 57. Rh5+ Kg6 58. Qg5+ Kf7 59. Qf4+ Ke7 60. Rh6 Qe5 61. Qxe5+ dxe5 62. bxa4 e3 63. Rh2 Rxg4 64. Kb3 Rxg3 65. Re2 Ke6 66. a5 Kf5 67. a6 Ke4 68. Kc3 Rg6 69. Rh2 Rxa6 70. Rh4+ Kf3 71. Rh3+ Kg4 72. Rh1 Rxa3+ 73. Kb2 Rd3 74. Kc2 Rd2+ 75. Kc3 Rd4 76. Re1 Kf3 77. Rf1+ Kg2 78. Rf5 e2 79. Rxe5 Kf2 80. Rf5+ Ke3 81. Re5+ Re4 82. Rxe4+ Kxe4 0-1


[Site "http://www.Chess.com"]

[Event "FIDE World Rapid Chess Championship 2021"]
[White "Wojtaszek, Radoslaw"]
[Black "Dudin, Gleb"]
[WhiteFideId "1118358"]
[BlackFideId "34184934"]
[WhiteElo "2743"]
[BlackElo "2247"]
[Result "1-0"]
[Round "13"]
[TimeControl "900+10"]
[Date "2021.12.28"]
[WhiteClock "0:04:22"]
[BlackClock "0:00:16"]

1. c4 c6 2. Nf3 Nf6 3. Qc2 d5 4. e3 e6 5. b3 Bd6 6. Bb2 O-O 7. d4 Ne4 8. Bd3 f5 9. O-O Qe7 10. Nbd2 Bd7 11. Ne5 Be8 12. f3 Nxd2 13. Qxd2 Nd7 14. Rac1 Rd8 15. Qf2 Nxe5 16. dxe5 Bc7 17. c5 b5 18. a4 bxa4 19. bxa4 g5 20. Bd4 Rb8 21. Rb1 Bd7 22. Qc2 Qg7 23. f4 g4 24. a5 Qe7 25. a6 Rxb1 26. Rxb1 Rb8 27. Rxb8+ Bxb8 28. Qb3 Qd8 29. Bc3 Kf7 30. Qb7 Ke7 31. Kf2 Qc7 32. Kg3 Bc8 33. Qb2 Kf7 34. h3 h5 35. Qb1 Kg8 36. Kf2 Bd7 37. hxg4 hxg4 38. Qh1 Qd8 39. Bxf5 d4 40. Qh7+ Kf8 41. Qh8+ 1-0


[Site "http://www.Chess.com"]

[Event "FIDE World Rapid Chess Championship 2021"]
[White "Piorun, Kacper"]
[Black "Mamedov, Rauf"]
[WhiteFideId "1130420"]
[BlackFideId "13401653"]
[WhiteElo "2547"]
[BlackElo "2690"]
[Result "1-0"]
[Round "13"]
[TimeControl "900+10"]
[Date "2021.12.28"]
[WhiteClock "0:00:14"]
[BlackClock "0:01:27"]

1. e4 c5 2. Nf3 Nc6 3. d4 cxd4 4. Nxd4 Nf6 5. Nc3 e5 6. Ndb5 d6 7. Bg5 a6 8. Na3 b5 9. Nd5 Be7 10. Bxf6 Bxf6 11. c3 Rb8 12. Nc2 Bg5 13. a3 O-O 14. h4 Bh6 15. g4 Bf4 16. Qf3 Be6 17. Nxf4 Qf6 18. g5 Qxf4 19. Qxf4 exf4 20. Nb4 Rb6 21. Nxc6 Rxc6 22. Rd1 Re8 23. Rd4 h6 24. Kd2 Kf8 25. gxh6 gxh6 26. Be2 Ke7 27. h5 Kf6 28. a4 Bc4 29. axb5 axb5 30. Rh4 Ke5 31. Bxc4 bxc4 32. Rd5+ Kxe4 33. Rd4+ Ke5 34. Rhxf4 d5 35. Rxf7 Rb6 36. Kc1 Ra8 37. f4+ Ke6 38. Rh7 Kf5 39. Rxd5+ Kg4 40. Rg7+ Kf3 41. Kb1 Re6 42. Rc7 Re4 43. f5 Ra6 44. Rd1 Rb6 45. Rcd7 Re8 46. Kc2 Reb8 47. Rb1 Rb5 48. Rd4 Re8 49. Rf1+ Kg2 50. Rff4 Kg3 51. Rg4+ Kf3 52. Rdf4+ Ke3 53. Rxc4 Rxf5 54. Rg3+ Kf2 55. Rh3 Kg2 56. Rhh4 Kg3 57. Rcg4+ Kf3 58. b4 1-0


[Site "http://www.Chess.com"]

[Event "FIDE World Rapid Chess Championship 2021"]
[White "Vidit, Santosh Gujrathi"]
[Black "Moroni, Luca Jr"]
[WhiteFideId "5029465"]
[BlackFideId "865834"]
[WhiteElo "2629"]
[BlackElo "2519"]
[Result "1-0"]
[Round "13"]
[TimeControl "900+10"]
[Date "2021.12.28"]
[WhiteClock "0:02:04"]
[BlackClock "0:02:40"]

1. d4 g6 2. e4 Bg7 3. Nc3 a6 4. Be3 b5 5. Qd2 Bb7 6. f3 d6 7. a4 b4 8. Nd1 a5 9. c3 bxc3 10. bxc3 Nf6 11. Bb5+ c6 12. Bd3 O-O 13. Ne2 Nbd7 14. O-O e5 15. Rb1 Qc7 16. Bh6 d5 17. Bxg7 Kxg7 18. Ne3 h6 19. Ng3 Kh7 20. Kh1 Ba6 21. Bxa6 Rxa6 22. Rbe1 Rd8 23. Ng4 Nxg4 24. fxg4 Rf8 25. Rf3 Rb6 26. Ref1 f6 27. h4 Qb8 28. h5 Qe8 29. Qc2 exd4 30. cxd4 dxe4 31. Nxe4 c5 32. dxc5 Rb4 33. Nd6 Qe7 34. hxg6+ Kg8 35. Qa2+ 1-0


[Site "http://www.Chess.com"]

[Event "FIDE World Rapid Chess Championship 2021"]
[White "Mastrovasilis, Dimitrios"]
[Black "Dreev, Aleksey"]
[WhiteFideId "4202694"]
[BlackFideId "4100107"]
[WhiteElo "2534"]
[BlackElo "2621"]
[Result "1-0"]
[Round "13"]
[TimeControl "900+10"]
[Date "2021.12.28"]
[WhiteClock "0:01:02"]
[BlackClock "0:00:00"]

1. e4 c6 2. d4 d5 3. Nd2 dxe4 4. Nxe4 Nf6 5. Nxf6+ exf6 6. c3 Bd6 7. Bd3 O-O 8. Ne2 Re8 9. O-O Qc7 10. Ng3 Nd7 11. Nf5 Nf8 12. Nxd6 Qxd6 13. Qf3 Ng6 14. Bd2 Be6 15. Rfe1 Rad8 16. Bf1 Qc7 17. Qg3 Qa5 18. a4 h5 19. h3 Qd5 20. b4 h4 21. Qe3 Re7 22. c4 Qd6 23. Qc3 Red7 24. Be3 f5 25. f3 Qg3 26. Bf2 Qg5 27. Kh2 Nf4 28. Rad1 f6 29. Qc1 Bf7 30. b5 Ne6 31. Qxg5 fxg5 32. d5 cxd5 33. cxd5 Rxd5 34. Rxd5 Rxd5 35. Bc4 Rd2 36. Rxe6 Kh7 37. Re2 1-0


[Site "http://www.Chess.com"]

[Event "FIDE World Rapid Chess Championship 2021"]
[White "Demidov, Mikhail"]
[Black "Amin, Bassem"]
[WhiteFideId "4197143"]
[BlackFideId "10601457"]
[WhiteElo "2544"]
[BlackElo "2614"]
[Result "0-1"]
[Round "13"]
[TimeControl "900+10"]
[Date "2021.12.28"]
[WhiteClock "0:03:33"]
[BlackClock "0:07:36"]

1. d4 Nf6 2. Nc3 d5 3. Bf4 e6 4. Nb5 Na6 5. e3 Bb4+ 6. c3 Be7 7. c4 c6 8. Nc3 O-O 9. Nf3 c5 10. dxc5 Nxc5 11. Be2 Nfe4 12. cxd5 Nxc3 13. bxc3 exd5 14. O-O Bf5 15. Nd4 Bg6 16. c4 dxc4 17. Bxc4 Rc8 18. Qe2 a6 19. Rfd1 Qa5 20. Nb3 Qa3 21. h4 Ne4 22. Rac1 b5 23. h5 bxc4 24. hxg6 hxg6 25. Rxc4 Nc3 26. Rxc3 Rxc3 27. Rd7 Rd8 28. Bd6 Rc1+ 0-1


[Site "http://www.Chess.com"]

[Event "FIDE World Rapid Chess Championship 2021"]
[White "Puranik, Abhimanyu"]
[Black "Alonso Rosell, Alvar"]
[WhiteFideId "5061245"]
[BlackFideId "2270544"]
[WhiteElo "2472"]
[BlackElo "2571"]
[Result "1-0"]
[Round "13"]
[TimeControl "900+10"]
[Date "2021.12.28"]
[WhiteClock "0:03:33"]
[BlackClock "0:01:11"]

1. e4 e5 2. Nf3 Nc6 3. Bb5 a6 4. Ba4 Nf6 5. O-O d6 6. d4 b5 7. Bb3 Nxd4 8. Nxd4 exd4 9. c3 dxc3 10. e5 dxe5 11. Bxf7+ Ke7 12. Qb3 c5 13. Rd1 c4 14. Bxc4 Qc7 15. Bd3 cxb2 16. Qxb2 Kf7 17. Bg5 Bc5 18. Nc3 Bd4 19. Rac1 Bg4 20. Nxb5 Qb6 21. Qb3+ Be6 22. Bc4 Qxb5 23. Bxe6+ Kg6 24. Bf7+ Kxg5 25. Qg3+ Kf5 26. Qf3+ Kg5 27. Rxd4 h5 28. h4+ Kh6 29. Qf5 1-0


[Site "http://www.Chess.com"]

[Event "FIDE World Rapid Chess Championship 2021"]
[White "Najer, Evgeniy"]
[Black "Babazada, Khazar"]
[WhiteFideId "4118987"]
[BlackFideId "13413554"]
[WhiteElo "2565"]
[BlackElo "2170"]
[Result "1-0"]
[Round "13"]
[TimeControl "900+10"]
[Date "2021.12.28"]
[WhiteClock "0:00:36"]
[BlackClock "0:07:49"]

1. e4 Nf6 2. e5 Nd5 3. d4 d6 4. Nf3 Nb6 5. Be2 g6 6. h4 h5 7. O-O Bg7 8. Nc3 O-O 9. Ne4 Bf5 10. Ng3 Qd7 11. Nxf5 Qxf5 12. Bd3 Qg4 13. Re1 dxe5 14. dxe5 Nc6 15. e6 f5 16. c3 Rad8 17. Qe2 Nd5 18. Bb5 Rd6 19. Bg5 Bf6 20. Bxc6 Rxc6 21. Rad1 Rd6 22. c4 Bxg5 23. cxd5 Bf6 24. Rd3 Rfd8 25. Red1 Qe4 26. Qd2 Kg7 27. Ng5 Qxh4 28. Nf7 f4 29. Rc1 Rf8 30. Rxc7 Rb6 31. b3 Qg4 32. Rf3 g5 33. Qe1 Qf5 34. d6 g4 35. Rfc3 Bxc3 36. Qxc3+ Qf6 37. Qxf6+ Kxf6 38. d7 Rxe6 39. Rc8 Re1+ 40. Kh2 Rd1 41. Nd6 Ke6 42. Rxf8 Kxd7 43. Nxb7 e5 44. Rf5 Ke6 45. Rxh5 Rd2 46. Nc5+ Kd5 47. Nd7 Rxf2 48. Nxe5 g3+ 49. Kh3 Rxa2 50. Nf3+ Ke6 51. Re5+ Kf6 52. Re4 Kf5 53. Re5+ Kf6 54. Re4 Kf5 55. Ra4 Rb2 56. Rxa7 1-0


[Site "http://www.Chess.com"]